 Dungeon Crawl Stone Soup version 0.25-a0-185-g6cfeca7 (webtiles) character file.

Game seed: 16611674671204494097, levelgen mode: deterministic

2816 Minkie the Shield-Bearer (level 10, -16/79 HPs)
             Began as a Human Fighter on Nov 19, 2019.
             Was a Follower of the Shining One.
             Demolished by a two-headed ogre
             ... wielding a cursed -1 giant spiked club
              (22 damage)
             ... on level 8 of the Dungeon on Nov 27, 2019.
             The game lasted 00:21:18 (6953 turns).

Minkie the Shield-Bearer (Human Fighter)            Turns: 6953, Time: 00:21:20

Health: -16/79     AC:  9    Str: 19    XL:     10   Next: 2%
Magic:  0/10       EV:  8    Int:  9    God:    the Shining One [*.....]
Gold:   156        SH: 11    Dex: 13    Spells: 9/9 levels left

rFire    . . .     SeeInvis +   G - +4 flail
rCold    . . .     Gourm    .   c - +0 shield
rNeg     . . .     Faith    .   b - +0 scale mail
rPois    +         Spirit   +   (no helmet)
rElec    .         Reflect  .   K - +0 cloak
rCorr    .         Harm     .   (no gloves)
MR       .....                  (no boots)
Stlth    ..........             o - amulet of guardian spirit
HPRegen  0.23/turn              D - ring of see invisible
MPRegen  0.12/turn              m - ring of poison resistance

@: glowing
A: no striking features
a: Renounce Religion


You were on level 8 of the Dungeon.
You worshipped the Shining One.
The Shining One was aware of your devotion.
You were not hungry.

You visited 2 branches of the dungeon, and saw 9 of its levels.

You collected 426 gold pieces.
You spent 270 gold pieces at shops.

Inventory:

Hand Weapons
 F - a cursed +0 dire flail
 G - a +4 flail (weapon)
Armour
 b - a +0 scale mail (worn)
 c - a +0 shield (worn)
 K - a +0 cloak (worn)
Jewellery
 l - an uncursed ring of teleportation
 m - a ring of poison resistance (right hand)
 o - an amulet of guardian spirit (around neck)
 x - an uncursed ring of protection from cold
 A - an uncursed ring of wizardry
 D - a ring of see invisible (left hand)
 J - a +4 amulet of reflection
Wands
 E - a wand of paralysis (4)
 H - a wand of flame (14)
 I - a wand of acid (10)
Scrolls
 e - a scroll of fear
 g - a scroll of random uselessness {unknown}
 n - 13 scrolls of identify
 r - a scroll of remove curse
 s - a scroll of enchant weapon {unknown}
 t - 2 scrolls of magic mapping {unknown}
 u - a scroll of fog {unknown}
 w - a scroll of immolation {unknown}
 y - a scroll of amnesia {unknown}
 C - a scroll of blinking {unknown}
Potions
 a - a potion of resistance {unknown}
 d - a potion of might
 h - 7 potions of curing
 i - a potion of flight {unknown}
 j - a potion of degeneration {unknown}
 k - a potion of mutation {unknown}
 p - a potion of brilliance {unknown}
 q - 2 potions of heal wounds
 v - 2 potions of haste {unknown}
 z - a potion of lignification {unknown}
 B - a potion of agility {unknown}
Comestibles
 f - 8 rations


   Skills:
 + Level 7.2 Fighting
 + Level 6.8 Maces & Flails
 + Level 7.2 Armour
 + Level 7.2 Shields


You had 9 spell levels left.
You didn't know any spells.
Your spell library contained the following spells:

 Spells                   Type           Power        Failure   Level  Hunger
 Magic Dart               Conj           #...         96%         1    ##.....
 Searing Ray              Conj           #.....       99%         2    ###....
 Dazzling Spray           Conj/Hex       #.....       100%        3    ####...
 Force Lance              Conj/Tloc      #.......     100%        4    #####..
 Fulminant Prism          Conj/Hex       #.........   100%        4    #####..
 Iskenderun's Mystic Bla  Conj           #.......     100%        4    #####..


Dungeon Overview and Level Annotations

Branches:
Dungeon (8/15)             Temple (1/1) D:5            Lair (0/6) D:8

Altars:
Ashenzari
Cheibriados
Elyvilon
Fedhas
Gozag
Hepliaklqana
Kikubaaqudgha
Makhleb
Nemelex Xobeh
Okawaru
Qazlal
Ru
Sif Muna
Trog
Uskayaw
Vehumet
Wu Jian
Yredelemnul
Zin
The Shining One

Shops:
D:5 *   D:7 *


Message History

The orc wizard mumbles some strange words.
The orc wizard seems to speed up.
The orc warrior closely misses you. You block the two-headed ogre's attack.
The two-headed ogre hits you with a +0 giant club!
* * * LOW HITPOINT WARNING * * *
You sock the two-headed ogre!
The two-headed ogre is severely wounded.
The orc warrior hits you from afar with a +0 halberd!!
* * * LOW HITPOINT WARNING * * *
Unknown command.
You feel much better. The two-headed ogre barely misses you.
The two-headed ogre hits you with a +0 giant club!!
* * * LOW HITPOINT WARNING * * *
You sock the two-headed ogre!
The two-headed ogre is almost dead.
The orc warrior hits you from afar with a +0 halberd.
* * * LOW HITPOINT WARNING * * *
You block the two-headed ogre's attack.
The two-headed ogre hits you with a +0 giant club!!
You die...

......[ ..$...> .
.............o ..
#.............. ...
#.............. $...
#.......#...... ....#
#.......##.....##...<..
#.......#######o.......
#.......#....@Oo#..!...
#.........####### .#.s.
#.......### # .
####...## ##..#.......
#####...#.....## #.#
#....).#####.......#
#....).# #...###...#
#......###.#####...####


You could see a two-headed ogre, an orc warrior and an orc wizard.

Vanquished Creatures
  A two-headed ogre (D:8)
  A komodo dragon (D:8)
  Sigmund (D:6)
  A water moccasin (D:7)
  An orc warrior (D:7)
  A phantom (D:7)
  2 ice beasts
  An ogre (D:5)
  2 centaurs (D:7)
  3 scorpions
  4 wights (D:6)
  2 crimson imps
  A jelly (D:6)
  A centaur skeleton (D:7)
  10 orc wizards
  A bullfrog skeleton (D:6)
  A centaur zombie (D:8)
  A hound (D:6)
  An iguana (D:8)
  4 worker ants
  A hound skeleton (D:7)
  A howler monkey zombie (D:5)
  An adder (D:2)
  3 gnolls (D:6)
  A shadow imp (D:7)
  An ooze (D:7)
  An adder zombie (D:7)
  2 adder skeletons (D:7)
  5 leopard geckos
  19 orcs
  A ball python (D:5)
  2 giant cockroaches
  6 goblins
  8 hobgoblins
  4 jackals
  3 quokkas
  14 bats
  3 frilled lizards
  6 kobolds
  A quokka zombie (D:5)
  6 rats
129 creatures vanquished.

Vanquished Creatures (others)
  2 plants (D:8)
2 creatures vanquished.

Grand Total: 131 creatures vanquished

Notes
Turn   | Place    | Note
-------+----------+-------------------------------------------
     0 | D:1      | Minkie the Human Fighter began the quest for the Orb.
     0 | D:1      | Reached XP level 1. HP: 18/18 MP: 1/1
   247 | D:1      | Reached XP level 2. HP: 24/24 MP: 2/2
  1053 | D:2      | Reached XP level 3. HP: 21/29 MP: 3/3
  1626 | D:2      | Reached XP level 4. HP: 35/35 MP: 4/4
  2452 | D:4      | Reached XP level 5. HP: 24/42 MP: 5/5
  2754 | D:4      | Found an ornate altar of the Wu Jian Council.
  3008 | D:5      | Entered Level 5 of the Dungeon
  3031 | D:4      | HP: 2/42 [orc/+0 dagger (1)]
  3214 | D:5      | Found a sparkling altar of Nemelex Xobeh.
  3235 | D:5      | Reached XP level 6. HP: 41/48 MP: 4/6
  3318 | D:5      | Found a hazy altar of Hepliaklqana.
  3337 | D:5      | Found a staircase to the Ecumenical Temple.
  3361 | D:5      | Noticed an ogre
  3371 | D:5      | Killed an ogre
  3382 | Temple   | Entered the Ecumenical Temple
  3745 | Temple   | Became a worshipper of the Shining One
  3888 | D:5      | Reached XP level 7. HP: 46/55 MP: 5/7
  4102 | D:5      | Found Neimur's Assorted Antiques.
  4114 | D:5      | Bought a granite ring for 135 gold pieces
  4114 | D:5      | Bought a golden ring for 135 gold pieces
  4217 | D:5      | Upgraded the game from 0.25-a0-110-ge29c8f2 to
                  | 0.25-a0-185-g6cfeca7
  4789 | D:6      | Found a stormy altar of Qazlal.
  4796 | D:6      | Found a radiant altar of Vehumet.
  4807 | D:6      | HP: 2/55 [acid (9)]
  5053 | D:6      | Reached skill level 5 in Fighting
  5053 | D:6      | Reached skill level 5 in Armour
  5053 | D:6      | Reached skill level 5 in Shields
  5177 | D:6      | Reached * piety under the Shining One
  5191 | D:6      | Reached XP level 8. HP: 36/62 MP: 5/8
  5250 | D:6      | Noticed Sigmund
  5261 | D:6      | Killed Sigmund
  5588 | D:7      | HP: 3/63 [orc warrior/+0 scimitar (15)]
  5589 | D:7      | Reached skill level 5 in Maces & Flails
  5615 | D:7      | HP: 3/64 [water moccasin (6)]
  6095 | D:7      | Got a tattered robe
  6096 | D:7      | Identified the +0 robe of Bourchu {Str+4} (You found it on
                  | level 7 of the Dungeon)
  6125 | D:7      | Reached XP level 9. HP: 65/69 MP: 7/9
  6155 | D:7      | Found Homo's Assorted Antiques.
  6653 | D:8      | Found a staircase to the Lair.
  6654 | D:8      | Noticed a komodo dragon
  6675 | D:8      | Killed a komodo dragon
  6913 | D:8      | Noticed a two-headed ogre
  6921 | D:8      | Killed a two-headed ogre
  6936 | D:8      | Reached XP level 10. HP: 53/79 MP: 6/10
  6939 | D:8      | Noticed a two-headed ogre
  6951 | D:8      | HP: 3/79 [orc warrior/+0 halberd (16)]
  6953 | D:8      | Demolished by a two-headed ogre

Levels and vault maps discovered:
D:1:      enne_arrival_octagon_isle, layout_loops_corners, serial_forest,
          infiniplex_forest_clump_medium, infiniplex_forest_zigzag_1,
          infiniplex_forest_clump_diagonal, infiniplex_forest_lined_2,
          infiniplex_forest_clump_double
D:2:      layout_basic, first_ration
D:3:      layout_rooms
D:4:      layout_basic, kennysheep_mini
D:5:      layout_cave_pools, nemelex_xobeh_ov_fountains_minmay,
          kennysheep_mini_moat, minmay_temple_entry_sparse_star, serial_shops,
          nicolae_shop_window_shopping, serial_bayou_crossing
D:6:      layout_loops_corners, vehumet_altar_wand_db, basic_altar, uniq_sigmund
D:7:      wander_river, layout_loops_ring, serial_shops, nicolae_shop_stone
D:8:      layout_rooms, grunt_temple_overflow_open, david_lair_shrubbed,
          hangedman_ranch [blue_anna_fruit_fields], minmay_evil_grid
Temple:   eino_temple_rhombus

Skill      XL: |  1  2  3  4  5  6  7  8  9 |
---------------+----------------------------+-----
Maces & Flails | 3 4 5 6 |  6.8
Fighting       | 4 5 6 7 |  7.2
Armour         | 4 5 6 7 |  7.2
Shields        | 4 5 6 7 |  7.2

Action                   |  1- 3 |  4- 6 |  7- 9 | 10-12 || total
-------------------------+-------+-------+-------+-------++-------
Melee: Flail             |   137 |   164 |   240 |    14 ||   555
  Use: Scroll            |       |     3 |     1 |       ||     4
       Potion            |       |     1 |     3 |     1 ||     5
  Eat: Chunk             |     3 |     4 |     3 |       ||    10
       Ration            |       |     1 |     2 |       ||     3
Armor: Scale mail        |    87 |   105 |    74 |     5 ||   271
Dodge: Dodged            |    37 |    66 |    43 |     7 ||   153
Block: Shield            |    76 |   111 |    93 |    10 ||   290

Table legend:
 A = Non-vault XP
 B = Vault XP
 C = Vault XP percentage of total XP
 D = Non-vault monster count
 E = Vault monster count
 F = Vault count percentage of total count
                 A         B        C        D         E       F
            +---------+---------+-------+---------+---------+-------
      Total |    3455 |     568 |  14.1 |     126 |       3 |   2.3
            +---------+---------+-------+---------+---------+-------
        D:1 |      25 |       0 |   0.0 |      15 |       0 |   0.0
        D:2 |      52 |       0 |   0.0 |      23 |       0 |   0.0
        D:3 |      19 |       0 |   0.0 |      12 |       0 |   0.0
        D:4 |     122 |       0 |   0.0 |       5 |       0 |   0.0
        D:5 |     340 |       0 |   0.0 |      12 |       0 |   0.0
        D:6 |     612 |     213 |  25.8 |      15 |       2 |  11.8
        D:7 |     863 |       0 |   0.0 |      25 |       0 |   0.0
        D:8 |    1373 |     355 |  20.5 |      15 |       1 |   6.2
     Temple |      49 |       0 |   0.0 |       4 |       0 |   0.0
            +---------+---------+-------+---------+---------+-------
